Cogmind - Beta 15 @@@ ROGUE MODE // 2025.07.30 @ 20:52:54 Player: Windjigo Result: Destroyed by SO-VDF(p) with EM Pulse Gun Performance ------------- Evolutions (0) 0 Regions Visited (3) 600 Robots Destroyed (25) 125 Value Destroyed (704) 704 Prototype IDs (6) 120 Alien Tech Used (0) 0 Bonus (800) 800 TOTAL SCORE: 2349 Bonus ------- Registered with UFD 300 Met Optimus in HQ 500 Cogmind --------- Core Integrity 0/250 Matter 233/300 Energy 275/275 System Corruption 0% Temperature Cool (41) Movement Treading (260) Ox1 Location -7/Scraptown Parts ------- > --- POWER (1) -------- Deuterium Engine > --- PROPULSION (2) --- Spiked Treads > --- UTILITY (2) ------ Large Storage Unit > --- WEAPON (2) ------- Missile Launcher > --- INVENTORY (15) --- Light Nuclear Core Light Treads Scrap Suit Cooling System Improved Sensor Array Surveybot 17 Chip Kinecellerator A0-MCA's Component Scanner Mapping Drone Bay (3/3) Makeshift Laser Improved EM Pulse Cannon Battle Rifle Improved Datajack Vortex Trap Peak State ------------ > --- POWER ------------ Ion Engine > --- PROPULSION ------- Spiked Treads Improved Medium Treads > --- UTILITY ---------- Large Storage Unit Reflective Plating > --- WEAPON ----------- Improved EM Pulse Cannon Ion Cannon > --- INVENTORY -------- Light Nuclear Core Light Treads Improved Heat Sink Small Storage Unit Surveybot 17 Chip Seismic Detector Kinecellerator Light Armor Plating Scrap Shield Mapping Drone Bay Makeshift Laser Battle Rifle Battle Cannon Missile Launcher [Rating: 23] Favorites ----------- Power Ion Engine Engine Ion Engine Propulsion Light Treads Treads Light Treads Wheel Compact Wheel Utility Large Storage Unit Device Seismic Detector Storage Large Storage Unit Protection Reflective Plating Weapon Makeshift Hammer Energy Gun Medium Laser Energy Cannon Ion Cannon Ballistic Gun Battle Rifle Ballistic Cannon Battle Cannon Launcher Missile Launcher Impact Weapon Makeshift Hammer Build | -11 -10 -10 -7 ------- Run | Yrd Mat Sub Scr Slots Evolved . | . . . . Power . | . . . . Propulsion . | . . . . Utility . | . . . . Weapon . | . . . . Parts Attached 28 | 7 5 6 10 Power 4 | 1 1 1 1 Engine 4 | 1 1 1 1 Core . | . . . . Reactor . | . . . . Propulsion 8 | 2 2 1 3 Treads 6 | . 2 1 3 Leg . | . . . . Wheel 2 | 2 . . . Hover . | . . . . Flight . | . . . . Utility 5 | 2 1 1 1 Device 1 | 1 . . . Storage 2 | 1 1 . . Processor . | . . . . Hackware . | . . . . Protection 2 | . . 1 1 Artifact . | . . . . Weapon 11 | 2 1 3 5 Energy Gun 4 | 2 . 2 . Energy Cannon 2 | . . . 2 Ballistic Gun 1 | . . . 1 Ballistic Cannon 2 | . 1 . 1 Launcher 1 | . . . 1 Special Weapon . | . . . . Impact Weapon 1 | . . 1 . Slashing Weapon . | . . . . Piercing Weapon . | . . . . Special Melee Weapon . | . . . . Unidentified Prototypes . | . . . . Corrupted Parts 1 | . . 1 . System Corruption 1 | . . 1 . Parts Lost 6 | . 2 1 3 Power 1 | . 1 . . Propulsion 2 | . 1 . 1 Utility 1 | . . . 1 Weapon 2 | . . 1 1 Highest Loss Streak 3 | . 2 1 3 To Critical Strikes . | . . . . Average Backups 13 | 3 10 14 13 Power 1 | . 1 2 1 Propulsion 1 | 1 2 1 1 Utility 6 | . 3 7 7 Weapon 3 | 1 2 3 3 Tool/Special . | . . . . Unused Backups 22 | . 2 4 16 Power 3 | . 1 1 1 Propulsion 1 | . . . 1 Utility 14 | . 1 1 12 Weapon 3 | . . 2 1 Tool/Special 1 | . . . 1 Average Slot Usage (%) 99 | . 99 99 99 Engine 13 | . 13 14 14 Treads 23 | . 2 28 28 Wheel 4 | . 25 . . Device 7 | . 13 12 . Storage 14 | . 14 14 14 Protection 6 | . . 1 14 Energy Gun 10 | . 17 13 4 Energy Cannon 3 | . . . 8 Ballistic Gun 2 | . . . 5 Ballistic Cannon 4 | . 10 1 5 Impact Weapon 6 | . . 12 4 Peak Build Rating 23 | 7 9 15 23 Average Rating 14 | 4 7 12 19 On Entrance 7 | . 7 9 15 Naked Turns . | . . . . Heaviest Build 42 | 14 31 33 42 Greatest Support 50 | 32 40 40 50 Greatest Overweight (x) 1 | 1 . . 1 Average Overweight (x) . | . . . . Largest Inventory Capacity 15 | 8 15 15 15 Average Capacity 14 | 7 12 15 15 Most Carried 15 | 6 15 15 15 Average Carried 14 | 3 10 14 14 Final Capacity 15 | 8 15 15 15 Final Carried 15 | 5 15 15 15 Class Distribution -------------------- 88% | Mutant 6% | Derelict-Mutant 4% | Scavenger-Mutant Dominant Class ---------------- Mutant | -10/Materials Mutant | -10/Subcaves Mutant | -7/Scraptown Resources | -11 -10 -10 -7 ----------- Run | Yrd Mat Sub Scr Matter Collected 619 | 201 246 102 70 Remotely . | . . . . Salvage Created 869 | 105 452 312 . Parts 40 | 3 28 9 . Haulers Intercepted 1 | . 1 . . Recyclers Shooed 1 | . 1 . . Parts Field Recycled . | . . . . Retrieved Matter . | . . . . Parts Self-Destructed 2 | . . 2 . Prevented . | . . . . Kills | -11 -10 -10 -7 ------- Run | Yrd Mat Sub Scr Combat Hostiles Destroyed 16 | . 7 9 . Melee 4 | . . 4 . Guns 1 | . 1 . . Cannons 6 | . 5 1 . Classes Destroyed 9 | 2 4 3 . Tunneler 2 | 1 1 . . Hauler 1 | . 1 . . Recycler 2 | 1 1 . . Operator 1 | . 1 . . Watcher 3 | . 3 . . Swarmer 1 | . . 1 . Grunt 7 | . 7 . . Sentry 1 | . . 1 . Subdweller 7 | . . 7 . Best Kill Streak 3 | 2 3 2 . Combat Bots Only 2 | . 2 2 . Max Kills in Single Turn 1 | 1 1 1 . Gunslinging . | . . . . Exploded . | . . . . Melee 1 | . . 1 . Uniques/NPCs Destroyed . | . . . . Combat | -11 -10 -10 -7 -------- Run | Yrd Mat Sub Scr Hostile Shots Fired 106 | . 35 38 33 Missed 31 | . 8 17 6 Hits 75 | . 27 21 27 Melee 2 | . . . 2 Projectile 73 | . 27 21 25 AOE 1 | . . . 1 Critical Strikes 2 | . . 1 1 Damage Taken 1543 | . 359 559 625 Core 253 | . 63 130 60 Absorbed by Shields . | . . . . Ignored by Resistances 9 | . . . 9 Regen/Repaired (Parts) 15 | . 15 . . Core Remaining (%) 100 | 100 . . . Volleys Fired 57 | 2 39 12 4 Largest 2 | 2 2 2 1 Hottest 150 | 90 90 150 36 Shots Fired 103 | 4 78 17 4 Gun 61 | 4 45 12 . Cannon 38 | . 33 5 . Launcher 4 | . . . 4 Special . | . . . . Kinetic 38 | . 33 5 . Thermal 61 | 4 45 12 . Explosive 4 | . . . 4 Electromagnetic . | . . . . Robot Hit Streak 9 | 3 9 8 . Robot Miss Streak 3 | . 3 1 . Penetration Max . | . . . . Secondary Targets . | . . . . Shots Hit Robots 90 | 3 55 32 . Core Hits 32 | 3 22 7 . Critical Kills . | . . . . Critical Parts Destroyed 2 | . . 2 . Critical Strikes 13 | 2 7 4 . Burn 7 | 2 4 1 . Blast 3 | . 3 . . Smash 3 | . . 3 . Melee Attacks 59 | . . 59 . Impact 59 | . . 59 . Slashing . | . . . . Piercing . | . . . . Sneak Attacks 1 | . . 1 . Combat Hostiles 1 | . . 1 . Follow-up Attacks . | . . . . Damage Inflicted 2005 | 36 823 1146 . Guns 597 | 36 400 161 . Cannons 512 | . 423 89 . Explosions . | . . . . Melee 896 | . . 896 . Ramming . | . . . . Kinetic 512 | . 423 89 . Thermal 597 | 36 400 161 . Explosive . | . . . . Electromagnetic . | . . . . Impact 896 | . . 896 . Slashing . | . . . . Piercing . | . . . . Highest Corruption 1 | . . 1 . Average Corruption 1 | . . 1 . Corruption Purged . | . . . . Corruption Blocked . | . . . . Effects 6 | . . 6 . Message Errors 2 | . . 2 . Matter Fused 3 | . . 3 . Energy Discharges 1 | . . 1 . Overload Shots 1 | . . 1 . Effects 1 | . . 1 . Energy Bleed 1 | . . 1 . Overflow Damage 228 | . 6 222 . Projectiles 6 | . 6 . . Explosions . | . . . . Melee 222 | . . 222 . Knockbacks 7 | . 3 4 . Impact 4 | . . 4 . Kinetic 3 | . 3 . . Secondary . | . . . . Self-Inflicted Damage . | . . . . Shots . | . . . . Rammed 1 | 1 . . . Targets Rammed 1 | 1 . . . Kicked . | . . . . Crushed . | . . . . Highest Temperature 234 | 40 234 76 41 Average Temperature 69 | 22 75 41 12 Received Heat Transfer 306 | . 198 72 36 Siege Activations . | . . . . Martial Activations . | . . . . Shielding Activations . | . . . . Robots Disrupted . | . . . . Combat Hostiles . | . . . . Robots Corrupted 4 | . . 4 . Combat Hostiles 4 | . . 4 . Parts Fried 5 | . . 5 . Impact Corruptions 8 | . . 8 . Robots Melted 1 | . 1 . . Combat Hostiles 1 | . 1 . . Parts Melted 3 | 1 2 . . Heat Transferred 2099 | 247 1432 420 . Parts Sabotaged . | . . . . Parts Stolen . | . . . . Parts Stripped . | . . . . Power Chain Reactions . | . . . . Alert | -11 -10 -10 -7 ------- Run | Yrd Mat Sub Scr Maximum Alert Level . | . . . . Low Security (%) 100 | 100 100 . . Level 1 . | . . . . Level 2 . | . . . . Level 3 . | . . . . Level 4 . | . . . . Level 5 . | . . . . High Security . | . . . . Max Security . | . . . . Peak Influence 66 | 10 66 . . Initial . | . . . . Average 15 | 1 16 . . Influence Increases 328 | 10 278 40 . Destroy 0b10 Robot/C 180 | . 140 40 . Destroy 0b10 Robot/NC 45 | 10 35 . . Destroy Leader 38 | . 38 . . Successful Hack 20 | . 20 . . Select Force Hacks 30 | . 30 . . Lose Combat Pursuer 15 | . 15 . . Influence Decreases 328 | 10 242 76 . Entered New Map 18 | . . 18 . Time Decay 290 | 10 222 58 . Lost Part 20 | . 20 . . Squads Dispatched 1 | . 1 . . Investigation 1 | . 1 . . Extermination . | . . . . Reinforcement . | . . . . Assault . | . . . . Garrison . | . . . . Intercept . | . . . . Searches Triggered . | . . . . Construction Impeded . | . . . . Haulers Reinforced . | . . . . Active Scanning Responses . | . . . . Cargo Convoy Interrupts . | . . . . Stealth | -11 -10 -10 -7 --------- Run | Yrd Mat Sub Scr Distress Signals 1 | . 1 . . Communications Jammed . | . . . . Distress Signals . | . . . . Times Spotted 29 | . 12 9 8 Peak Tracking Total 9 | . 2 2 9 Tactical Retreats 2 | . 1 1 . Traps | -11 -10 -10 -7 ------- Run | Yrd Mat Sub Scr Traps Triggered 2 | . . 2 . Indirectly . | . . . . Trap Hack Attempts . | . . . . Triggered . | . . . . Disarmed . | . . . . Reprogrammed . | . . . . Reused 1 | . . . 1 Traps Extracted . | . . . . Installed 1 | . . . 1 Triggered . | . . . . Most Traps Carried 2 | . . . 2 Machines | -11 -10 -10 -7 ---------- Run | Yrd Mat Sub Scr Machines Disabled . | . . . . Max in Single Turn . | . . . . Machines Repaired . | . . . . Machines Dismantled . | . . . . Machines Sabotaged . | . . . . Overloaded Fab Kills . | . . . . Hacking | -11 -10 -10 -7 --------- Run | Yrd Mat Sub Scr Machines Accessed 9 | . 6 . 3 Terminals 4 | . 4 . . Fabricators . | . . . . Repair Stations 1 | . 1 . . Recycling Units 1 | . 1 . . Scanalyzers . | . . . . Garrison Access . | . . . . Total Hacks 28 | . 16 . 12 Successful 24 | . 12 . 12 Failed 4 | . 4 . . Catastrophic . | . . . . Database Lockouts . | . . . . Manual 14 | . 14 . . Terminals 12 | . 12 . . Fabricators . | . . . . Repair Stations 2 | . 2 . . Recycling Units 2 | . 2 . . Scanalyzers . | . . . . Garrison Access . | . . . . Terminal Hacks 16 | . 4 . 12 Record 11 | . . . 11 Robot Analysis 2 | . 2 . . Emergency Access Points 1 | . 1 . . Zone Layout 1 | . 1 . . Proto ID Catalog 1 | . . . 1 Fabricator Hacks . | . . . . Repair Station Hacks 2 | . 2 . . Scan Component 1 | . 1 . . Repair 1 | . 1 . . Recycling Unit Hacks 1 | . 1 . . Retrieve Components 1 | . 1 . . Scanalyzer . | . . . . Garrison Access Hacks . | . . . . Unauthorized Hacks 5 | . 5 . . Terminals 4 | . 4 . . Botnet 4 | . 4 . . Fabricators . | . . . . Repair Stations . | . . . . Recycling Units 1 | . 1 . . Tunnel 1 | . 1 . . Scanalyzers . | . . . . Garrison Access . | . . . . Data Cores Recovered 1 | . 1 . . Used . | . . . . Hacking Detections 5 | . 5 . . Full Trace Events . | . . . . Feedback Events . | . . . . Feedback Blocked . | . . . . Robot Schematics Acquired . | . . . . Robots Built . | . . . . Authchips . | . . . . Time . | . . . . Total Robot Build Rating . | . . . . Part Schematics Acquired . | . . . . Parts Built . | . . . . Authchips . | . . . . Time . | . . . . Total Part Build Rating . | . . . . Parts Repaired 1 | . 1 . . Time 26 | . 26 . . Parts Recycled . | . . . . Recycled Matter . | . . . . Retrieved Matter . | . . . . Retrieved Components 4 | . 4 . . Parts Scanalyzed . | . . . . Part Schematics Acquired . | . . . . Parts Damaged . | . . . . Bothacking | -11 -10 -10 -7 ------------ Run | Yrd Mat Sub Scr Used RIF Installer . | . . . . Robots Hacked . | . . . . Non-combat . | . . . . Combat . | . . . . Robot Hacks Applied . | . . . . Relay Couplers Released . | . . . . Fabnet Peak Effective % . | . . . . Robots Rewired . | . . . . Allies Hacked . | . . . . Hacks Repelled . | . . . . Allies | -11 -10 -10 -7 -------- Run | Yrd Mat Sub Scr Total Allies . | . . . . Largest Group . | . . . . Highest-Rated Group . | . . . . Highest-Rated Ally . | . . . . Total Orders . | . . . . Ally Attacks . | . . . . Total Damage . | . . . . Kills . | . . . . Allies Corrupted . | . . . . Allies Melted . | . . . . Intel | -11 -10 -10 -7 ------- Run | Yrd Mat Sub Scr Active Infowar (turns) 2941 | 12 902 2027 . Seismic 2941 | 12 902 2027 . Robot Analysis Total 2 | . 2 . . Derelict Logs Recovered 2 | . . 1 1 Drone Launches . | . . . . Drone Recoveries . | . . . . Exploration | -11 -10 -10 -7 ------------- Run | Yrd Mat Sub Scr Turns Passed 5627 | 70 928 2210 2419 Spaces Moved 3371 | 42 599 1253 1477 Core 15 | 15 . . . Treads 2782 | . 52 1253 1477 Legs . | . . . . Wheels 574 | 27 547 . . Hover . | . . . . Flight . | . . . . Fastest Speed 50 | 50 100 160 160 Average Speed 149 | 89 105 160 160 Slowest Speed 260 | 100 160 160 260 Overloaded Moves . | . . . . Propulsion Burnouts . | . . . . Robots Hopped . | . . . . Potential Cave-ins . | . . . . Cave-ins Triggered . | . . . . Exploration Rate (%) 61 | 4 89 62 90 Regions Visited 3 Branch Regions 2 Pre-discovered Areas 3 | . 1 1 1 Known Exits Taken . | . . . . Unknown Exits Taken 3 | 1 1 1 . Scrap Searched 6 | . . 1 5 Spaces Dug 40 | . . 18 22 Terrain Destroyed 40 | . . 18 22 Melee 18 | . . 18 . Projectile . | . . . . AOE 22 | . . . 22 Terrain Rammed . | . . . . Walls Destroyed . | . . . . Machines Disabled . | . . . . Actions | -11 -10 -10 -7 --------- Run | Yrd Mat Sub Scr Total 3807 | 70 820 1384 1533 Wait 219 | 8 158 42 11 Move 3369 | 42 598 1252 1477 Hop . | . . . . Pick Up 44 | 11 15 5 13 Fast Attach 4 | 1 1 1 1 Attach 8 | 6 2 . . Detach . | . . . . Swap 17 | . 3 5 9 Drop 29 | . 4 8 17 Fire 57 | 2 39 12 4 Melee 59 | . . 59 . Ram . | . . . . Kick . | . . . . Crush . | . . . . Escape Stasis . | . . . . Rewire . | . . . . Trap 1 | . . . 1 Miscellaneous . | . . . . Route ------- -11/Scrapyard -10/Materials (discovered 6 exits: [*Mat x3] / [*Min x2] / [*Sub]) -10/Subcaves (discovered 2 exits: [*Mat] / *Scr) -7/Scraptown (discovered 1 exit: [*Fac]) History --------- Turn | Location | Event 12 | -11/Scrapyard | Discovered new exit (range 15) 71 | -11/Scrapyard | Entered Materials 99 | -10/Materials | Discovered new exit (range 14) 184 | -10/Materials | Discovered new exit (range 8) 279 | -10/Materials | Discovered new exit (range 16) 332 | -10/Materials | Build established: Mutant 678 | -10/Materials | Discovered new exit (range 7) 779 | -10/Materials | Discovered new exit (range 4) 846 | -10/Materials | Repaired Seismic Detector 986 | -10/Materials | Discovered new exit (range 9) 999 | -10/Materials | Entered Subcaves 1000 | -10/Subcaves | Approached by a straggling Scientist 1001 | -10/Subcaves | Learned location of Mines (-9) 1105 | -10/Subcaves | Shifting Twisted Machinery released Mak. Hammer 1263 | -10/Subcaves | Scientist uncovered a shortcut to Scraptown 1521 | -10/Subcaves | Shifting Twisted Machinery released Sub. Power Source 1721 | -10/Subcaves | Core integrity fell below 50% 1868 | -10/Subcaves | Discovered new exit (range 16) 2220 | -10/Subcaves | Shifting Twisted Machinery released Battle Cannon 2231 | -10/Subcaves | Shifting Twisted Machinery released Sub. Shrapnel Launcher 2440 | -10/Subcaves | Shifting Twisted Machinery released Sub. Beam Cannon 2444 | -10/Subcaves | Shifting Twisted Machinery released Scrap Shield 3209 | -10/Subcaves | Entered Scraptown 3209 | -7/Scraptown | System corruption cleaned by C-Scrubber 3278 | -7/Scraptown | Heard Great Nut preacher, LISTEN AND RECITE! 3556 | -7/Scraptown | Scanned Subdweller tech in exchange for log data 3561 | -7/Scraptown | Learned location of 1 exit from Research 3713 | -7/Scraptown | Visited The Evicted 3724 | -7/Scraptown | Visited Scrapoid Research Area 4027 | -7/Scraptown | Visited Shadow of the Wyrm 4051 | -7/Scraptown | Visited Red Mages 4094 | -7/Scraptown | Visited Assassins FH 4126 | -7/Scraptown | Visited Cave Peace 4191 | -7/Scraptown | Visited UFD Registry 4191 | -7/Scraptown | Registered with UFD as "Bladedrive" 4273 | -7/Scraptown | Visited Cartography Club 4322 | -7/Scraptown | Found Surveybot 17 Chip 4556 | -7/Scraptown | Visited Derelict Rescue Squad 4612 | -7/Scraptown | Visited A0-MCA Data Center 4622 | -7/Scraptown | Given a C+ rating by A0-MCA 4629 | -7/Scraptown | Found A0-MCA's Component Scanner 4676 | -7/Scraptown | Visited Modified Component R&D 4764 | -7/Scraptown | Visited Abandonware Association 4783 | -7/Scraptown | Learned abandonware demo "MELTYB.EXE" 4873 | -7/Scraptown | Delivered Scrap Shield to a Scientist 5011 | -7/Scraptown | Visited Curators Association 5052 | -7/Scraptown | Visited Science Guys 5118 | -7/Scraptown | Visited Junk Repository 5221 | -7/Scraptown | Visited DA-N13 Charitable Foundation 5254 | -7/Scraptown | Found DCF Scrap (29 items) 5388 | -7/Scraptown | Discovered new exit (range 3) 5425 | -7/Scraptown | Warned about trapping Scraptown 5451 | -7/Scraptown | Found Scrap Suit 5546 | -7/Scraptown | Met Optimus 5546 | -7/Scraptown | Accepted into 0bPrime 5566 | -7/Scraptown | Build established: Derelict-Mutant 5617 | -7/Scraptown | Attacked by Scraptown defenders 5620 | -7/Scraptown | Core integrity fell below 20% 5628 | -7/Scraptown | Destroyed by SO-VDF(p) with EM Pulse Gun Last Messages --------------- otherwise I wouldn't know to prepare for this possibility. Looking forward to working with you, Bladedrive! 05599_ SK-TUD(c): "Come one, come all! See for yourself a fine selection of the many wondrous pieces in our collection!" 05617_ ANNOUNCEMENT: Intruder alert! Defend Scraptown! 05618_ Optimus: "My trust in you was sorely misplaced, Bladedrive!" 05619_ Penetrated by Slug. 05621_ Spk. Treads destroyed. 05623_ Slug penetrates Wall. 05623_ Penetrated by Slug. 05626_ Slug penetrates Earth. 05627_ Chain reaction triggered in Lgt. Ion Engine. 05627_ Battle Cannon destroyed. 05627_ FZ-N8R(c) destroyed. 05627_ Reflective Plating destroyed. Map ----- +----------------------------------------------------+ | "" X"#??????###"" "## !!!! #???????????????? | | " ######### #"" "##**!/###???????????????? | | " [=|###???????????????? | | " "## *][[=#???????????????? | | " ######### #"" "## !!%*=#???????????????? | | "" ""#??????###"" "## *[*==#???????????????? | | "" ##????????#"" "#########???????????????? | | X"#????????#"" "############????????????? | | ##????????#"" "## "#????????????? | | ################"" "## ""#????????????? | | """"""""""""""""""" "## """" "#????????????? | | """"""""""""""""""" "### "#????????????? | | "## "#X ""#????????????? | | "## "### "#????????????? | | "## """" "#????????????? | | ## ""#????????????? | | # "#????????????? | | """ """"""""""" """""" ############????????????? | | ### ########### ###### #???????????????????????? | | #" "#j #???????????????????????? | | "##"" ""##pp ###?????????????????????? | | "" " ##[" "!## E# #?????????????????????? | | "" " ##"" ""## # #?????????????????????? | | #" "# * # #?????????????????????? | | "" ""##"" ""##=%! ;#;## #????????????? | | " """"##[" "=## ! @ #????????????? | | "|""##"" ""## x ##????????????? | | " """"#" """ "# #????????????? | | """ X """#### "!" #### 3 #????????????? | | """""""""#??#"###"#??# #????????????? | | ##########??##???##??# ####### ##????????????? | | ###################### #####??? #?????????????? | | "##"""##"""##"""##"|"#j """"#????##?????????????? | | "##" "##"""##""|##" # "" "#???????????????????? | | "#???????????????????? | | " "#???????????????????? | | """"#???????????????????? | | "##"" ##"|"##!! ##""|##E######???????????????????? | | "##"""##"""##"""##"""####????????????????????????? | | ######################???????????????????????????? | | ?????????????????????????????????????????????????? | | ?????????????????????????????????????????????????? | | ?????????????????????????????????????????????????? | | ?????????????????????????????????????????????????? | | ?????????????????????????????????????????????????? | | ?????????????????????????????????????????????????? | | ?????????????????????????????????????????????????? | | ?????????????????????????????????????????????????? | | ?????????????????????????????????????????????????? | | ?????????????????????????????????????????????????? | +----------------------------------------------------+ Best States ------------- Heat Dissipation 25 Energy Generation 14 Energy Capacity 275 Matter Stores 300 Matter Capacity 300 Sight Range 16 Terrain Scan Density 10 Armor Coverage 150 Resistance: TH 10 Evasion (%) 50 Recoil Reduction 2 Item Schematics ----------------- None Robot Schematics ------------------ None Fabricated ------------ Nothing Repaired ---------- Seismic Detector | 25% | -10/Materials Alien Tech Used ----------------- None Achievements -------------- None Challenges ------------ None Game ------ Seed TractorInertialStorage Manual? 0 Play Time 00:31:14 Cumulative 106.7 hours Start 2025.07.30 @ 20:23:26 End 2025.07.30 @ 20:52:54 Sessions 1 Manual Loads 0 Difficulty Rogue Special Mode None Game No. 83 Rogue 83 Adventurer 0 Explorer 0 Win Type - Total 0 Types 0/0/0/0/0/0/0/0/0/0 Lore% 61 Gallery% 50 Achievement% 44 Wizard Run 0 Options --------- Layout 1 ASCII 0 Keyboard 0 Movement Mouse Keybinds 0 Fullscreen 1 Font 24/Smallcaps Map View 50x35 Zoom Use 0% Tactical HUD 1 Map Filters NONE Filters NONE Steam 1 RUN: 551657e5-a9a9-4446-878c-967a347df3b8